 Dungeon Crawl Stone Soup version 0.30-a0-738-g116ff8c4af (webtiles) character file.

Game seed: 2415455283267210233

187 voltaire321 the Grasshopper (level 5, -2/32 HPs)
             Began as a Kobold Warper on Feb 4, 2023.
             Slain by an iguana (4 damage)
             ... on level 4 of the Dungeon.
             The game lasted 00:10:18 (3232 turns).

voltaire321 the Grasshopper (Kobold Warper)         Turns: 3232, Time: 00:10:19

Health: -2/32      AC:  3    Str:  9    XL:     5   Next: 99%
Magic:  9/9        EV: 15    Int: 14    God:
Gold:   178        SH:  0    Dex: 16    Spells: 7/9 levels left

rFire   . . .      SeeInvis .    a - +0 short sword
rCold   . . .      Faith    .    (no shield)
rNeg    . . .      Spirit   .    b - +0 leather armour
rPois   .          Reflect  .    (no helmet)
rElec   .          Harm     .    (no cloak)
rCorr   .          Rampage  .    (no gloves)
Will    .....                    (no boots)
Stlth   +++                      (no amulet)
HPRegen 0.25/turn                (no ring)
MPRegen 0.11/turn                (no ring)

@: lethally poisoned (-2 -> -12)
A: small, no large weapons, nightstalker 3
a: no special abilities


You were on level 4 of the Dungeon.
You visited 1 branch of the dungeon, and saw 4 of its levels.

You collected 178 gold pieces.

Inventory:

Hand Weapons
 a - a +0 short sword (weapon)
Missiles
 d - 7 boomerangs of dispersal (quivered)
Armour
 b - a +0 leather armour (worn)
Scrolls
 c - a scroll of blinking
 e - a scroll of fog {unknown}
 f - 2 scrolls of enchant armour {unknown}
 g - a scroll of enchant weapon {unknown}
 i - a scroll of fear {unknown}
 l - a scroll of poison {unknown}
 m - 4 scrolls of teleportation {unknown}
 n - 2 scrolls of immolation {unknown}
 o - a scroll of vulnerability {unknown}
 s - a scroll of identify
Potions
 h - a potion of mutation
 j - a potion of magic {unknown}
 k - 2 potions of curing
 p - 2 potions of resistance
 q - 2 potions of might
 r - a potion of flight {unknown}
 t - a potion of heal wounds


   Skills:
 + Level 2.9 Fighting
 + Level 3.5 Short Blades
 + Level 2.1 Throwing
 + Level 1.7 Armour
 + Level 3.3 Dodging
 + Level 2.1 Stealth
 + Level 2.8 Spellcasting
 + Level 3.5 Translocations


You had 7 spell levels left.
You knew the following spells:

 Your Spells              Type           Power      Damage    Failure   Level
a - Blink                 Tloc           24%        N/A       11%         2

Your spell library contained the following spells:

 Spells                   Type           Power      Damage    Failure   Level
 Lesser Beckoning         Tloc           24%        N/A       11%         2
 Teleport Other           Tloc           12%        N/A       21%         3
 Ensorcelled Hibernation  Hex/Ice        2%         N/A       41%         2
 Passwall                 Tmut/Erth      0%         N/A       41%         2
 Vhi's Electric Charge    Tloc/Air       12%        N/A       41%         3
 Manifold Assault         Tloc           12%        N/A       56%         4
 Swiftness                Air            1%         N/A       65%         3


Dungeon Overview and Level Annotations

Branches:
Dungeon (4/15)
 Temple: D:4-7

Altars:
Dithmenos

Shops:
D:3 (

Annotations:
D:2 1 runed translucent door, Crazy Yiuf


Innate Abilities, Weirdness & Mutations

You are small and have problems with some larger weapons.
You are completely attuned to the shadows.


Message History

The iguana is moderately wounded.
The orc priest miscasts a cantrip.
The orc closely misses you.
The iguana bites you but does no damage.
You hit the orc.
The orc is moderately wounded.
The iguana completely misses you. The orc closely misses you.
You hit the orc but do no damage.
The orc is moderately wounded.
The orc barely misses you. The iguana barely misses you.
You hit the orc.
The orc is severely wounded.
The iguana barely misses you. The orc hits you with a +0 short sword.
You barely miss the orc.
The orc is severely wounded.
You hit the orc but do no damage.
The orc is severely wounded.
The orc hits you with a +0 short sword. The iguana bites you.
You hit the orc.
You kill the orc!
The iguana completely misses you.
You barely miss the iguana.
The iguana is moderately wounded.
The iguana bites you but does no damage.
You barely miss the orc priest. The iguana barely misses you.
The orc priest hits you with a +0 hand axe of venom.
You are poisoned.
You hit the orc priest but do no damage.
You feel sick.
The iguana bites you but does no damage.
The orc priest hits you with a +0 hand axe of venom.
* * * LOW HITPOINT WARNING * * *
You are more poisoned.
You hit the orc priest but do no damage.
* * * LOW HITPOINT WARNING * * *
You feel very sick.
You closely miss the orc priest.
* * * LOW HITPOINT WARNING * * *
You feel sick. The iguana bites you.
You die...

.##### #.# #..#
.....# #.# ##.# #
###.###.# #># ##.
##.#)#...## #.#
#..##.##...#.(#
####.#
#....##...###.#
#..... ##...#...##
#.# #..... ##..ol..#
#.# #.....
##.@##.####.###.....
#####.l.?..........
......o...........
####.##...........
#..)...?..#...#
####......###..
#..... ##. .... ##
#####################


You could see an iguana and an orc priest.

Vanquished Creatures
  A necrophage (D:3)
  A hound (D:4)
  Terence (D:2)
  3 adders (D:2)
  2 dart slugs
  5 orcs
  3 endoplasms
  A giant cockroach (D:4)
  3 goblins (D:2)
  5 hobgoblins
  2 quokkas
  4 ball pythons
  3 bats
  2 kobolds
  2 rats (D:1)
38 creatures vanquished.

Notes
Turn   | Place    | Note
-------+----------+-------------------------------------------
     0 | D:1      | voltaire321 the Kobold Warper began the quest for the Orb.
     0 | D:1      | Reached XP level 1. HP: 12/12 MP: 3/3
   217 | D:1      | Reached XP level 2. HP: 14/17 MP: 5/5
   288 | D:1      | Noticed a golden eye
   294 | D:1      | Learned a level 2 spell: Blink
   294 | D:1      | Noticed a shining eye
   304 | D:1      | Noticed a shining eye
   346 | D:1      | Found a faded altar of an unknown god.
   349 | D:1      | Noticed a great orb of eyes
   841 | D:2      | Reached skill level 1 in Armour
   841 | D:2      | Reached XP level 3. HP: 10/22 MP: 6/6
   987 | D:2      | Reached skill level 1 in Stealth
  1129 | D:2      | Found a runed translucent door.
  1132 | D:2      | Noticed Crazy Yiuf
  1281 | D:2      | Reached XP level 4. HP: 3/27 MP: 7/7
  1413 | D:2      | Noticed Terence
  1421 | D:2      | Killed Terence
  2039 | D:3      | Noticed a necrophage
  2052 | D:3      | Killed a necrophage
  2053 | D:3      | Reached XP level 5. HP: 17/32 MP: 7/9
  2286 | D:3      | Found Eseteff's Weapon Emporium.
  2866 | D:3      | Found a shadowy altar of Dithmenos.
  3232 | D:4      | Slain by an iguana

Illustrated notes

Levels and vault maps discovered:
D:1:      dpeg_arrival_castle, layout_basic,
          hellmonk_ecumenical_altar_watching_god, chequers_serial_rivers_micro_b
D:2:      layout_loops_ring, serial_bayou_lagoon_b, uniq_crazy_yiuf_cottage,
          uniq_terence
D:3:      layout_loops_ring, mainiacjoe_overflow_alcove_4, serial_shops,
          nicolae_shop_bloodbath_and_beyond
D:4:      layout_rooms, mainiacjoe_overflow_paths,
          grunt_temple_overflow_diamond, minmay_cupped, uniq_natasha

Skill      XL: |  1  2  3  4 |
---------------+-------------+-----
Short Blades   | 3 |  3.5
Armour         | 1 |  1.7
Stealth        | 1 2 |  2.1
Dodging        | 3 |  3.3
Throwing       | 2 |  2.1
Fighting       | |  2.9
Spellcasting   | |  2.8
Translocations | |  3.5

Action                     |  1- 3 |  4- 6 || total
---------------------------+-------+-------++-------
  Melee: Short sword       |    73 |   150 ||   223
    Use: Potion            |       |     3 ||     3
         Scroll            |       |     4 ||     4
   Stab: Sleeping          |     9 |     5 ||    14
         Distracted        |       |     1 ||     1
 Armour: Leather armour    |    13 |    19 ||    32
  Dodge: Dodged            |    45 |    93 ||   138

Table legend: (Time is in decaauts)
 A = Elapsed time spent in this place.
 B = Non-inter-level travel time spent in this place.
 C = Inter-level travel time spent in this place.
 D = Time resting spent in this place.
 E = Time spent auto-exploring this place.
 F = Levels seen in this place.
 G = Mean time per level.
                   A        B        C        D        E       F      G
               +--------+--------+--------+--------+--------+-----+--------+
         Total |   3223 |   3057 |    166 |    248 |   2341 |   4 |  805.8 |
       Dungeon |   3223 |   3057 |    166 |    248 |   2341 |   4 |  805.8 |
               +--------+--------+--------+--------+--------+-----+--------+

Top non-repeatable levels by time:
     D:2: 1168 daAuts
     D:3: 1039 daAuts
     D:1: 778 daAuts
     D:4: 237 daAuts
